 Dungeon Crawl Stone Soup version 0.31.0-32-g396128a36d (webtiles) character file.

Game seed: 16540248299735771976

126 Exe the Chopper (level 4, -5/37 HPs)
             Began as a Demonspawn Berserker on Apr 10, 2024.
             Was a Believer of Trog.
             Slain by Grinder (9 damage)
             ... on level 3 of the Dungeon.
             The game lasted 00:10:42 (1794 turns).

Exe the Chopper (Demonspawn Berserker)              Turns: 1794, Time: 00:10:44

Health: -5/37      AC:  6    Str: 17    XL:     4   Next: 83%
Magic:  4/4        EV: 14    Int:  8    God:    Trog [**....]
Gold:   68         SH:  0    Dex: 14    Spells: 3/3 levels left

rFire   . . .        a - +0 hand axe
rCold   . . .        (no shield)
rNeg    . . .        f - +0 ring mail
rPois   .            e - +0 helmet
rElec   .            (no cloak)
rCorr   .            (no gloves)
SInv    .            (no boots)
Will    .....        (no amulet)
Stlth   +            (no ring)
HPRegen 0.26/turn    (no ring)
MPRegen 0.09/turn

%: no passive effects
@: on berserk cooldown, slowed, very slow
A: repulsion field 2, foul stench 1
a: Renounce Religion, Berserk, Trog's Hand


You were on level 3 of the Dungeon.
You worshipped Trog.
Trog was pleased with you.
You visited 1 branch of the dungeon, and saw 3 of its levels.

You collected 68 gold pieces.

Inventory:

Hand Weapons
 a - a +0 hand axe (weapon)
 i - the +10 dagger of Prudence {pain, rN+++ Str-4 SInv Stlth-}
   (You found it on level 2 of the Dungeon)

   Str-4:     It affects your strength (-4).
   rN+++:     It renders you almost immune to negative energy.
   SInv:      It lets you see invisible.
   Stlth-:    It makes you less stealthy.
Armour
 b - a +0 animal skin
 e - a +0 helmet (worn)
 f - a +0 ring mail (worn)
Jewellery
 g - an amulet of magic regeneration
Wands
 d - a wand of flame (15)
Potions
 c - a potion of curing


   Skills:
 + Level 3.7 Fighting
 + Level 3.8 Axes
 + Level 2.5 Armour
 + Level 2.4 Dodging


You had 3 spell levels left.
You didn't know any spells.
Your spell library was empty.

Dungeon Overview and Level Annotations

Branches:
Dungeon (3/15)

Altars:

Shops:
D:1 (

Annotations:
D:3 Grinder


Innate Abilities, Weirdness & Mutations

You are surrounded by a moderate repulsion field. (EV +3)
You may rarely emit foul miasma when damaged in melee.


Message History

You slash the goblin!
You kill the goblin!
Trog accepts your kill.
You barely miss the orc.
You feel sick. Grinder hits you.
* * * LOW HITPOINT WARNING * * *
You writhe in agony.
* * * LOW HITPOINT WARNING * * *
The orc barely misses you.
You are too berserk!
You completely miss Grinder.
Grinder is heavily wounded.
You completely miss the orc.
You feel sick.
You are no longer poisoned.
You hit Grinder.
Grinder is severely wounded.
You closely miss the orc.
You are no longer berserk.
You are exhausted.
You feel yourself slow down. The orc hits you with a +0 war axe.
* * * LOW HITPOINT WARNING * * *
Grinder blinks!
It was a potion of curing.
You feel better. The orc hits you with a +0 flail.
* * * LOW HITPOINT WARNING * * *
The orc barely misses you. The orc hits you with a +0 flail.
* * * LOW HITPOINT WARNING * * *
The orc misses you. Grinder gestures at you.
You barely resist.
It was a potion of magic.
Magic courses through your body. The orc closely misses you.
The orc hits you but does no damage. The orc closely misses you.
You aren't carrying any scrolls.
You hit Grinder.
Grinder is severely wounded.
You barely miss the orc. You closely miss the orc. x2
The orc barely misses you. The orc hits you with a +0 flail.
* * * LOW HITPOINT WARNING * * *
Grinder hits you!
You die...
Grinder says, "Now the real fun starts!"

..... .#....
.....####+#......
..........#.....
.....(........
#........####
####............
#..'..........#
######'##...ooo#..##
#.......#....@.# #
#.......#.....5#
#.......#######..
#.......# .##
####.......# .#
........#...... ..
#######.####### #
#.# #.#


You could see Grinder and 3 orcs.

Vanquished Creatures
  Natasha (twice) (D:2)
  An adder (D:3)
  An adder zombie (D:2)
  An adder skeleton (D:2)
  2 dart slugs
  2 orcs (D:3)
  A ball python (D:3)
  2 bat zombies (D:2)
  8 endoplasms
  3 giant cockroaches
  4 goblins
  4 hobgoblins
  3 jackals (D:1)
  6 kobolds
  A quokka (D:1)
  A ball python zombie (D:2)
  5 bats
  2 frilled lizards
  A jackal skeleton (D:2)
  2 rats
52 creatures vanquished.

Notes
Turn   | Place    | Note
-------+----------+-------------------------------------------
     0 | D:1      | Exe the Demonspawn Berserker began the quest for the Orb.
     0 | D:1      | Reached XP level 1. HP: 18/18 MP: 1/1
     4 | D:1      | Found a faded altar of an unknown god.
    89 | D:1      | Gained mutation: You are surrounded by a mild repulsion
                  | field. (EV +2) [demonic ancestry]
    89 | D:1      | Reached XP level 2. HP: 23/24 MP: 2/2
   132 | D:1      | Found Edudwuri's Antique Weapon Shoppe.
   562 | D:1      | Gained mutation: You are surrounded by a moderate repulsion
                  | field. (EV +3) [demonic ancestry]
   562 | D:1      | Reached XP level 3. HP: 29/29 MP: 3/3
   982 | D:2      | Reached ** piety under Trog
  1314 | D:2      | Noticed Natasha
  1329 | D:2      | Killed Natasha
  1330 | D:2      | Gained mutation: You may rarely emit foul miasma when
                  | damaged in melee. [demonic ancestry]
  1330 | D:2      | Reached XP level 4. HP: 37/37 MP: 4/4
  1381 | D:2      | Identified the +10 dagger of Prudence {pain, rN+++ Str-4
                  | SInv Stlth-}
  1606 | D:2      | Noticed Natasha
  1613 | D:2      | Killed Natasha
  1774 | D:3      | Noticed Grinder
  1794 | D:3      | Slain by Grinder

Illustrated notes

Levels and vault maps discovered:
D:1:      reono_arrival_forest_river, layout_basic, serial_shops, shop,
          ebering_ecumenical_altar_sacrificial, minmay_cut_off
D:2:      layout_basic, dilly_guarded_unrand_morg
D:3:      layout_basic, mainiacjoe_overflow_chevrons, serial_shops,
          nicolae_shop_overgrown_old_shop, nicolae_shop_dealshenge,
          uniq_grinder, uniq_robin

Skill      XL: |  1  2 |
---------------+-------+-----
Axes           | 3 |  3.8
Armour         | 2 |  2.5
Dodging        | 2 |  2.4
Fighting       | |  3.7

Action                     |  1- 3 |  4- 6 || total
---------------------------+-------+-------++-------
  Melee: Hand axe          |   117 |    26 ||   143
         Punch             |       |     1 ||     1
 Invoke: Berserk           |     1 |     2 ||     3
    Use: Scroll            |     3 |       ||     3
         Potion            |       |     2 ||     2
 Armour: Animal skin       |    15 |       ||    15
         Ring mail         |    50 |    27 ||    77
  Dodge: Dodged            |   101 |    56 ||   157
